 Dungeon Crawl Stone Soup version 0.30-a0-389-g8d7d949f56 (webtiles) character file.

Game seed: 15632688801702791186

550 arthad the Trooper (level 7, 0/44 HPs)
             Began as a Gargoyle Berserker on Dec 4, 2022.
             Was a Believer of Trog.
             Splashed by a jelly's acid (9 damage)
             ... on level 5 of the Dungeon.
             The game lasted 00:05:11 (3948 turns).

arthad the Trooper (Gargoyle Berserker)             Turns: 3948, Time: 00:05:12

Health: 0/44       AC:  0    Str: 23    XL:     7   Next: 29%
Magic:  7/7        EV: 12    Int:  7    God:    Trog [**....]
Gold:   81         SH:  2    Dex:  9    Spells: 6/6 levels left

rFire   . . .      SeeInvis .    a - +0 hand axe
rCold   . . .      Faith    .    f - +0 buckler
rNeg    + . .      Spirit   .    b - +0 animal skin
rPois   ∞          Reflect  .    m - +0 helmet
rElec   +          Harm     .    (no cloak)
rCorr   .          Rampage  .    (no gloves)
Will    .....                    (no boots)
Stlth   +.........               (no amulet)
HPRegen 0.27/turn                (no ring)
MPRegen 0.10/turn                (no ring)

@: corroded
A: sickness immunity, AC +4, negative energy resistance 1, electricity
resistance, torment resistance 1, petrification resistance
a: Renounce Religion, Berserk, Trog's Hand


You were on level 5 of the Dungeon.
You worshipped Trog.
Trog was pleased with you.
You visited 1 branch of the dungeon, and saw 5 of its levels.

You collected 186 gold pieces.
You spent 105 gold pieces at shops.

Inventory:

Hand Weapons
 a - a +0 hand axe (weapon)
 d - a +2 vorpal flail
 n - a +0 short sword of speed
Missiles
 s - 8 poisoned darts (quivered)
Armour
 b - a +0 animal skin (worn)
 f - a +0 buckler (worn)
 m - a +0 helmet (worn)
Jewellery
 l - a ring of magical power
 u - a ring of wizardry
Scrolls
 c - a scroll of enchant weapon {unknown}
 e - 2 scrolls of magic mapping {unknown}
 g - 6 scrolls of identify {unknown}
 h - 3 scrolls of noise {unknown}
 k - 2 scrolls of teleportation {unknown}
 o - 2 scrolls of immolation {unknown}
 q - a scroll of blinking
 w - 2 scrolls of amnesia {unknown}
Potions
 i - 3 potions of might {unknown}
 j - 2 potions of degeneration {unknown}
 r - a potion of berserk rage {unknown}
 t - a potion of flight {unknown}
 v - a potion of brilliance {unknown}


   Skills:
 + Level 5.2 Fighting
 + Level 4.3 Axes
 + Level 4.6 Armour
 + Level 3.4 Dodging


You had 6 spell levels left.
You didn't know any spells.
Your spell library was empty.

Dungeon Overview and Level Annotations

Branches:
Dungeon (5/15)
 Temple: D:4-7

Altars:
Kikubaaqudgha

Shops:
D:3 ?   D:5 [


Innate Abilities, Weirdness & Mutations

You are immune to sickness and miasma.
Your stone body is resilient. (AC +4)
You are immune to poison.
You resist negative energy. (rN+)
You are resistant to electric shocks. (rElec)
You are resistant to unholy torment.
You are immune to petrification.


Message History

You are too injured to fight recklessly!
You are too injured to fight recklessly!
You are too injured to fight recklessly!
You are too injured to fight recklessly!
You are too injured to fight recklessly!
You are too injured to fight recklessly!
You are too injured to fight recklessly!
You are too injured to fight recklessly!
You are too injured to fight recklessly!
You are too injured to fight recklessly!
You hit the jelly.
Your hands burn!
The jelly is almost dead.
The jelly hits you.
* * * LOW HITPOINT WARNING * * *
The acid corrodes you!
You are splashed with acid!
* * * LOW HITPOINT WARNING * * *
The jelly closely misses you.
Unknown command.
Unknown command.
You feel better. The jelly completely misses you.
Throw: 10 darts (poison)
Press: ? - help, Q - select action, (/) - cycle Shift-Dir - straight line, f - jelly
Aim: a jelly (almost dead, 89% to hit)
You throw a poisoned dart. The poisoned dart hits the jelly.
The jelly is almost dead.
The jelly misses you.
Throw: 9 darts (poison)
Press: ? - help, Q - select action, (/) - cycle Shift-Dir - straight line, f/p - jelly
Aim: a jelly (almost dead, 89% to hit)
You throw a poisoned dart. The poisoned dart hits the jelly.
The jelly is almost dead.
The jelly misses you.
You aren't carrying any items that you can evoke.
You hit the jelly.
Your hands burn!
* * * LOW HITPOINT WARNING * * *
The jelly is almost dead.
The jelly hits you.
* * * LOW HITPOINT WARNING * * *
You are splashed with acid!
You die...

.. .. .## # ..#
.... #.# ###.... .
#.# .......
....###.###.......
......J@..'.......
....####.##...(.#
. #..#.....#
##..######
##....########
####...#....#
###......#
##.....# ##....###


You could see a jelly.

Vanquished Creatures
  Grinder (D:4)
  A phantom (D:4)
  A hound (D:4)
  A jelly (D:4)
  An iguana (D:5)
  7 adders
  4 gnolls (D:3)
  A worm (D:2)
  4 dart slugs
  3 orcs (D:3)
  6 ball pythons
  4 bats (D:1)
  4 endoplasms
  7 giant cockroaches
  6 goblins
  7 hobgoblins
  4 jackals (D:1)
  4 quokkas
  2 frilled lizards
  9 kobolds
  6 rats
83 creatures vanquished.

Notes
Turn   | Place    | Note
-------+----------+-------------------------------------------
     0 | D:1      | arthad the Gargoyle Berserker began the quest for the Orb.
     0 | D:1      | Reached XP level 1. HP: 14/14 MP: 1/1
   262 | D:1      | Reached XP level 2. HP: 19/19 MP: 2/2
   517 | D:1      | Reached XP level 3. HP: 23/23 MP: 3/3
   647 | D:1      | Reached ** piety under Trog
   884 | D:1      | Found a faded altar of an unknown god.
  1292 | D:2      | Reached XP level 4. HP: 29/29 MP: 4/4
  2037 | D:2      | Reached skill level 4 in Fighting
  2280 | D:3      | Reached XP level 5. HP: 32/33 MP: 5/5
  2353 | D:3      | HP: 1/33 [gnoll/+2 vorpal flail (2)]
  2520 | D:3      | Found Qiffac's Magic Scroll Shop.
  2526 | D:3      | Bought a scroll of blinking for 105 gold pieces
  2556 | D:3      | Found an ancient bone altar of Kikubaaqudgha.
  2951 | D:4      | Noticed Grinder
  2972 | D:4      | Killed Grinder
  2973 | D:4      | Reached XP level 6. HP: 40/40 MP: 6/6
  3515 | D:4      | Reached skill level 5 in Fighting
  3515 | D:4      | Reached XP level 7. HP: 34/44 MP: 7/7
  3879 | D:5      | Entered Level 5 of the Dungeon
  3911 | D:5      | Found Kenyotsu's Armour Shoppe.
  3944 | D:5      | HP: 2/44 [acid (11)]
  3948 | D:5      | Splashed by a jelly's acid

Illustrated notes

Levels and vault maps discovered:
D:1:      spicycebolla_arrival_xxxplode, layout_basic,
          shapermc_ecumenical_altar_flowoftime
D:2:      layout_basic
D:3:      layout_loops_cross, general_overflow_altar, serial_shops,
          nicolae_square_shop
D:4:      layout_basic, uniq_grinder
D:5:      layout_basic, mainiacjoe_overflow_catwalk_spiral, serial_shops,
          nicolae_shop_trees

Skill      XL: |  1  2  3  4  5  6 |
---------------+-------------------+-----
Axes           | 3 4 |  4.3
Dodging        | 2 3 |  3.4
Armour         | 3 4 |  4.6
Fighting       | 4 5 |  5.2

Action                   |  1- 3 |  4- 6 |  7- 9 || total
-------------------------+-------+-------+-------++-------
Melee: Hand axe          |   112 |   197 |    45 ||   354
       Punch             |     1 |       |       ||     1
Throw: Dart              |       |       |     9 ||     9
Invok: Berserk           |       |     2 |       ||     2
       Trog's Hand       |       |     1 |     1 ||     2
  Use: Potion            |       |     2 |     1 ||     3
Armor: Animal skin       |    36 |    78 |    15 ||   129
Dodge: Dodged            |    72 |   123 |    26 ||   221
Block: Buckler           |     6 |    25 |     2 ||    33

Table legend: (Time is in decaauts)
 A = Elapsed time spent in this place.
 B = Non-inter-level travel time spent in this place.
 C = Inter-level travel time spent in this place.
 D = Time resting spent in this place.
 E = Time spent auto-exploring this place.
 F = Levels seen in this place.
 G = Mean time per level.
                   A        B        C        D        E       F      G
               +--------+--------+--------+--------+--------+-----+--------+
         Total |   4019 |   3888 |    131 |     68 |   3058 |   5 |  803.8 |
       Dungeon |   4019 |   3888 |    131 |     68 |   3058 |   5 |  803.8 |
               +--------+--------+--------+--------+--------+-----+--------+

Top non-repeatable levels by time:
     D:2: 1202 daAuts
     D:1: 1002 daAuts
     D:4: 949 daAuts
     D:3: 794 daAuts
     D:5: 70 daAuts
